 Dungeon Crawl Stone Soup version v1.0-3-g0d6430d (webtiles) character file.

1145 TheOrbIsALie the Conjurer (level 8, -7/66 HPs)
             Began as an Obsidian Dwarf Sorcerer on Sept 23, 2018.
             Mangled by Menkaure (26 damage)
             ... on level 4 of the Dungeon.
             The game lasted 00:07:51 (3704 turns).

TheOrbIsALie the Conjurer (Obsidian Dwarf Sorcerer) Turns: 3704, Time: 00:07:52

Health: -7/66      AC:  1    Str: 13    XL:     8   Next: 15%
Magic:  0/0        EV: 12    Int: 22    God:
Gold:   228        SH:  0    Dex:  9    Spells: 19/20 levels left

rFire    . . .     SeeInvis +   r - +4 battleaxe of Pride {venom, Str+3}
rCold    . . .     Gourm    .   (shield currently unavailable)
rNeg     . . .     Faith    .   b - -2 robe {Archmagi}
rPois    .         Spirit   .   (no helmet)
rElec    .         Reflect  .   p - +0 cloak
rCorr    .         Harm     +   (no gloves)
MR       .....                  (no boots)
Stlth    +++.......             (no amulet)
HPRegen  0.21/turn              g - ring of see invisible
MPRegen  0.07/turn              m - ring of stealth

@: no status effects
A: no MP, cast from HP, harm
a: no special abilities


You were on level 4 of the Dungeon.
You were not hungry.

You visited 1 branch of the dungeon, and saw 4 of its levels.

You collected 228 gold pieces.

Inventory:

Hand Weapons
 n - a +2 dagger of protection
 q - a +0 whip of electrocution
 r - the +4 battleaxe of Pride (weapon) {venom, Str+3}
   (You found it on level 4 of the Dungeon)

   It poisons the flesh of those it strikes.
   It affects your strength (+3).
Armour
 b - a -2 robe of the Archmagi (worn)
 p - a +0 cloak (worn)
Jewellery
 g - a ring of see invisible (left hand)
 m - a ring of stealth (right hand)
Wands
 k - a wand of paralysis (12)
 o - a wand of random effects (34)
Scrolls
 a - 2 scrolls of identify {unknown}
 d - a scroll of remove curse {unknown}
 l - a scroll of teleportation {unknown}
 t - a scroll of magic mapping {unknown}
Potions
 e - 2 potions of flight {unknown}
 f - 2 potions of heal wounds {unknown}
 h - a potion of magic {unknown}
 i - a potion of curing {unknown}
 j - a potion of agility {unknown}
Comestibles
 c - 6 rations
 s - 2 chunks of flesh


   Skills:
 - Level 4.2 Fighting
 - Level 2.0 Dodging
 - Level 1.7 Stealth
 + Level 6.8 Spellcasting
 + Level 6.9 Conjurations


You had 19 spell levels left.
You knew the following spells:

 Your Spells              Type           Power        Failure   Level  Hunger
a - Magic Dart            Conj           ####         1%          1    None


Dungeon Overview and Level Annotations

Branches:
Dungeon (4/15)
 Temple: D:4-7

Altars:

Annotations:
D:4 Menkaure


Message History

You feel a surge of power!
The magic dart hits Menkaure.
Menkaure is heavily damaged.
Menkaure calls on the powers of darkness!
Your body is wracked with pain!
Casting: Magic Dart (safe; 1% risk of failure)
Confirm with . or Enter, or press ? or * to list all spells.
Aiming: Magic Dart (safe; 1% risk of failure)
Press: ? - help, Shift-Dir - straight line, f/p - Menkaure
Aim: Menkaure (heavily damaged)
You feel a surge of power!
The magic dart hits Menkaure.
Menkaure is heavily damaged.
Casting: Magic Dart (safe; 1% risk of failure)
Confirm with . or Enter, or press ? or * to list all spells.
Aiming: Magic Dart (safe; 1% risk of failure)
Press: ? - help, Shift-Dir - straight line, f/p - Menkaure
Aim: Menkaure (heavily damaged)
You feel a surge of power!
The magic dart hits Menkaure.
Menkaure is heavily damaged.
Menkaure hits you!!
You die...

# ####.
......###############
......M@............#
......#############.#
#.### #.# #.# #.#
#####.## #......#
#.###### ###### #.#


You could see Menkaure.

Vanquished Creatures
  Pikel (D:4)
  The ghost of Antroll the Ducker, an amateur RaGl (D:3)
  2 phantoms
  Crazy Yiuf (D:4)
  An orc priest (D:4)
  2 orc wizards
  A bullfrog skeleton (D:4)
  2 worker ants (D:4)
  A hound skeleton (D:4)
  5 adders
  2 worms
  A dart slug (D:2)
  A leopard gecko (D:1)
  9 orcs
  3 ball pythons
  4 giant cockroaches
  10 goblins
  4 hobgoblins
  4 jackals (D:1)
  3 quokkas
  10 bats
  2 frilled lizards
  11 kobolds
  7 rats
  A fungus (D:4)
89 creatures vanquished.

Notes
Turn   | Place    | Note
-------+----------+-------------------------------------------
     0 | D:1      | TheOrbIsALie the Obsidian Dwarf Sorcerer began the quest for the Orb.
     0 | D:1      | Reached XP level 1. HP: 14/14 MP: 0/0
   429 | D:1      | Reached XP level 2. HP: 15/20 MP: 0/5
   450 | D:1      | Reached skill level 1 in Fighting
   934 | D:2      | Reached XP level 3. HP: 22/29 MP: 0/6
  1199 | D:2      | Noticed a phantom
  1219 | D:2      | Killed a phantom
  1219 | D:2      | Reached XP level 4. HP: 16/40 MP: 0/7
  1219 | D:2      | Reached XP level 5. HP: 18/46 MP: 0/8
  1790 | D:3      | Noticed Antroll's ghost (amateur RaGl)
  1965 | D:3      | Killed Antroll's ghost
  1965 | D:3      | Reached XP level 6. HP: 21/52 MP: 0/12
  2515 | D:3      | Reached skill level 5 in Conjurations
  3018 | D:4      | Found a runed door.
  3075 | D:4      | Noticed Crazy Yiuf
  3080 | D:4      | Killed Crazy Yiuf
  3147 | D:4      | Noticed a slave
  3212 | D:4      | Noticed Pikel
  3214 | D:4      | Noticed a slave
  3214 | D:4      | Noticed a slave
  3226 | D:4      | Noticed a slave
  3228 | D:4      | Killed Pikel
  3228 | D:4      | Reached XP level 7. HP: 40/59 MP: 0/16
  3267 | D:4      | Reached XP level 8. HP: 46/66 MP: 0/17
  3610 | D:4      | Got a crystal battleaxe
  3611 | D:4      | Identified the +4 battleaxe of Pride {venom, Str+3} (You found it on level 4 of the Dungeon)
  3694 | D:4      | Noticed Menkaure
  3704 | D:4      | Mangled by Menkaure

Skill      XL: |  1  2  3  4  5  6 |
---------------+-------------------+-----
Fighting       | 1 4 |  4.2
Spellcasting   | 4 6 |  6.8
Conjurations   | 4 6 |  6.9
Dodging        | |  2.0
Stealth        | |  1.7

Action                   |  1- 3 |  4- 6 |  7- 9 || total
-------------------------+-------+-------+-------++-------
Melee: Dagger            |       |    17 |       ||    17
       Battleaxe         |       |       |     4 ||     4
 Cast: Magic Dart        |    76 |   126 |    43 ||   245
  Eat: Chunk             |     1 |     4 |       ||     5
       Ration            |       |     1 |       ||     1
Dodge: Dodged            |    11 |    10 |     9 ||    30
